 Dungeon Crawl Stone Soup version 0.25-a0-190-g27fffb8c76 (webtiles) character file.

Game seed: 7048871737203369689, levelgen mode: deterministic

30 Goreval the Skirmisher (level 3, 7/29 HPs)
             Began as a Demonspawn Fighter on Nov 30, 2019.
             Got out of the dungeon alive.
             The game lasted 00:00:57 (512 turns).

Goreval the Skirmisher (Demonspawn Fighter)          Turns: 512, Time: 00:00:58

Health: 7/29       AC:  6    Str: 17    XL:     3   Next: 3%
Magic:  3/3        EV:  6    Int:  9    God:
Gold:   55         SH:  9    Dex: 12    Spells: 2/2 levels left

rFire    . . .     SeeInvis .   a - +0 trident
rCold    . . .     Gourm    .   c - +0 shield
rNeg     . . .     Faith    .   b - +0 scale mail
rPois    .         Spirit   .   (no helmet)
rElec    .         Reflect  .   (no cloak)
rCorr    .         Harm     .   (no gloves)
MR       .....                  (no boots)
Stlth    ..........             (no amulet)
HPRegen  0.09/turn              (no ring)
MPRegen  0.08/turn              (no ring)

@: no status effects
A: hooves 1
a: no special abilities


You escaped.
You were not hungry.

You visited 1 branch of the dungeon, and saw 1 of its levels.

You collected 55 gold pieces.

Inventory:

Hand Weapons
 a - a +0 trident (weapon)
Missiles
 j - 16 stones (quivered)
Armour
 b - a +0 scale mail (worn)
 c - a +0 shield (worn)
 e - a +1 helmet
Scrolls
 g - a scroll of remove curse {unknown}
 i - a scroll of amnesia {unknown}
 l - a scroll of identify {unknown}
Potions
 d - a potion of might
 k - a potion of mutation {unknown}
Comestibles
 f - 2 rations
 h - 8 chunks of flesh


   Skills:
 + Level 3.2 Fighting
 * Level 2.4 Polearms
 + Level 2.9 Armour
 + Level 2.9 Shields


You had 2 spell levels left.
You didn't know any spells.
Your spell library was empty.

Dungeon Overview and Level Annotations

Branches:
Dungeon (1/15)

Altars:


Innate Abilities, Weirdness & Mutations

You have large cloven feet.


Message History

* * * LOW HITPOINT WARNING * * *
You puncture the ooze!
You kill the ooze!
You have reached level 3!
Your experience leads to an increase in your attributes!
Increase (S)trength, (I)ntelligence, or (D)exterity?
You feel stronger.
Things that are here:
a +0 dagger; a goblin corpse You butcher the goblin corpse.
h - 9 chunks of flesh (gained 2)
Things that are here:
a +0 dagger; a goblin skeleton
Found a metallic amethyst potion.
Some of the chunks of flesh in your inventory have rotted away.
You enter the shallow water.
Moving in this stuff is going to be slow.
There is a staircase leading out of the dungeon here.
Are you sure you want to leave the Dungeon?
This will make you lose the game!
You have escaped!

####.#### #..# ###.# #..
'.....#..### ##.## ###...#
#..
#######....####...####.....#
#.. #
#.....#..≈..#.....#.####.. #
#8..≈..(.≈....≈..8#....... #
##...≈..≈≈≈..≈...##....... #
##.....≈≈≈≈≈≈≈.....#.......
#
#....≈≈≈≈...≈≈≈≈...........
#..≈≈≈≈≈..@..≈≈≈≈≈.........
#....≈≈≈≈...≈≈≈≈....##.....
##.....≈≈≈≈≈≈≈.....####.#'#
##...≈..≈≈≈..≈...## #.#.#
#8..≈....≈....≈..8# #...#
##.....#..≈..#.....## ##..#
#....####...####..).# #..#
#..#######.#######..# #..#
#### #............## #..#


There were no monsters in sight!

Vanquished Creatures
  An ooze (D:1)
  A dart slug (D:1)
  A leopard gecko (D:1)
  2 ball pythons (D:1)
  3 giant cockroaches (D:1)
  3 goblins (D:1)
  2 hobgoblins (D:1)
  3 kobolds (D:1)
  6 rats (D:1)
22 creatures vanquished.

Notes
Turn   | Place    | Note
-------+----------+-------------------------------------------
     0 | D:1      | Goreval the Demonspawn Fighter began the quest for the Orb.
     0 | D:1      | Reached XP level 1. HP: 18/18 MP: 1/1
   219 | D:1      | Gained mutation: You have large cloven feet. [demonic
                  | ancestry]
   219 | D:1      | Reached XP level 2. HP: 22/24 MP: 2/2
   473 | D:1      | Reached XP level 3. HP: 3/29 MP: 3/3
   512 | D:$      | Got out of the dungeon alive.

Levels and vault maps discovered:
D:1:      eino_arrival_water_star, layout_basic, st_stairs_12

Skill      XL: |  1 |
---------------+----+-----
Polearms       | 2 |  2.4
Fighting       | |  3.2
Armour         | |  2.9
Shields        | |  2.9

Action                   || total
-------------------------++-------
Melee: Trident           ||    64
       Kick              ||     7
Armor: Scale mail        ||    16
Dodge: Dodged            ||    11
Block: Shield            ||    24

Table legend:
 A = Non-vault XP
 B = Vault XP
 C = Vault XP percentage of total XP
 D = Non-vault monster count
 E = Vault monster count
 F = Vault count percentage of total count
                 A         B        C        D         E       F
            +---------+---------+-------+---------+---------+-------
      Total |      41 |       2 |   4.7 |      21 |       1 |   4.5
            +---------+---------+-------+---------+---------+-------
        D:1 |      41 |       2 |   4.7 |      21 |       1 |   4.5
            +---------+---------+-------+---------+---------+-------
